 Dungeon Crawl Stone Soup version 0.29-a0-251-g80730f7218 (webtiles) character file.

Game seed: 13600313251313462802

42 sammy202020 the Skirmisher (level 3, 0/24 HPs)
             Began as a Gargoyle Fighter on Mar 5, 2022.
             Slain by Sigmund
             ... wielding a +0 scythe
              (3 damage)
             ... on level 2 of the Dungeon.
             The game lasted 00:02:58 (1279 turns).

sammy202020 the Skirmisher (Gargoyle Fighter)       Turns: 1279, Time: 00:02:58

Health: 0/24       AC: 11    Str: 19    XL:     3   Next: 54%
Magic:  3/3        EV:  9    Int: 10    God:
Gold:   99         SH:  0    Dex:  9    Spells: 2/2 levels left

rFire   . . .      SeeInvis .   a - +0 flail
rCold   . . .      Faith    .   c - +0 buckler
rNeg    + . .      Spirit   .   b - +0 scale mail
rPois   ∞          Reflect  .   (no helmet)
rElec   +          Harm     .   (no cloak)
rCorr   .          Rampage  .   g - +0 pair of gloves
Will    .....                   (no boots)
Stlth   ..........              (no amulet)
HPRegen 0.08/turn               (no ring)
MPRegen 0.08/turn               (no ring)

@: confused
A: sickness immunity, AC +3, negative energy resistance 1, electricity
resistance, torment resistance 1, petrification resistance
a: no special abilities


You were on level 2 of the Dungeon.
You visited 1 branch of the dungeon, and saw 2 of its levels.

You collected 99 gold pieces.

Inventory:

Hand Weapons
 a - a +0 flail (weapon)
Missiles
 f - 4 atropa-tipped darts (quivered)
 k - 5 poisoned darts
Armour
 b - a +0 scale mail (worn)
 c - a +0 buckler (worn)
 g - a +0 pair of gloves (worn)
Scrolls
 e - 2 scrolls of identify {unknown}
 j - a scroll of enchant weapon {unknown}
Potions
 d - a potion of might
 h - a potion of mutation {unknown}
 i - 2 potions of heal wounds {unknown}


   Skills:
 * Level 3.7 Fighting
 * Level 2.4 Maces & Flails
 * Level 3.7 Armour
 + Level 0.5 Dodging
 * Level 3.6 Shields


You had 2 spell levels left.
You didn't know any spells.
Your spell library contained the following spells:

 Spells                   Type           Power      Damage    Failure   Level
 Summon Forest            Summ/Tloc      0%         N/A       100%        5
 Eringya's Noxious Bog    Tmut/Pois      0%         N/A       100%        6
 Summon Hydra             Summ           0%         N/A       100%        7


Dungeon Overview and Level Annotations

Branches:
Dungeon (2/15)

Altars:

Annotations:
D:2 Sigmund


Innate Abilities, Weirdness & Mutations

You are immune to sickness and miasma.
Your stone body is resilient. (AC +3)
You are immune to poison.
You resist negative energy. (rN+)
You are resistant to electric shocks. (rElec)
You are resistant to unholy torment.
You are immune to petrification.


Message History

Press: ? - help, Q - select action, (/) - cycle Shift-Dir - straight line, f - Sigmund
Aim: Sigmund, wielding a +0 scythe, wearing a +0 robe and carrying a wand of flame (5) (50% to hit, chance to blind on hit: 75%)
You throw an atropa-tipped dart.
The atropa-tipped dart barely misses Sigmund.
Found a book of Party Tricks.
Sigmund's eyes start glowing with a red light.
Sigmund hits you but does no damage.
A kobold comes into view. It is wielding a +0 short sword.
The kobold shouts!
Sigmund casts a spell at you. You resist with significant effort.
You barely miss Sigmund.
Sigmund zaps a wand.
The puff of flame hits you but does no damage.
You hit Sigmund.
Sigmund is lightly wounded.
Sigmund hits you with a +0 scythe.
You closely miss Sigmund.
Sigmund is lightly wounded.
Sigmund points at you and mumbles some strange words.
The magic dart hits you!
You closely miss Sigmund.
Sigmund is lightly wounded.
Sigmund gestures at you while chanting.
You are confused.
The kobold hits you but does no damage. Sigmund barely misses you.
Sorry, you're not good enough to have a special ability.
You bump into the rock wall.
Sigmund casts a spell.
Sigmund flickers and vanishes!
Deactivating autopickup; reactivate with Ctrl-A.
The kobold hits you but does no damage.
The kobold hits you with a +0 short sword.
You bump into the rock wall.
Something hits you.
* * * LOW HITPOINT WARNING * * *
The kobold hits you with a +0 short sword.
* * * LOW HITPOINT WARNING * * *
You thump the kobold!
You kill the kobold!
Something hits you.
You die...

##### ..... ...:..
############ ##
......##@.........# .##
.......#).........#######
..#
...(.....................
#.###
########........[.#######
....#### #..........#
#......## #..........#
#### ###.##..#
#..........####...
#..##.####
#..........##...##
####.......#
#.............###.


There were no monsters in sight!

Vanquished Creatures
  2 dart slugs
  2 bats (D:1)
  4 endoplasms (D:1)
  2 giant cockroaches (D:1)
  7 goblins
  4 hobgoblins
  2 kobolds
  A quokka (D:1)
  5 ball pythons
  A frilled lizard (D:1)
  5 rats (D:1)
35 creatures vanquished.

Vanquished Creatures (others)
  2 plants (D:1)
2 creatures vanquished.

Grand Total: 37 creatures vanquished

Notes
Turn   | Place    | Note
-------+----------+-------------------------------------------
     0 | D:1      | sammy202020 the Gargoyle Fighter began the quest for the
                  | Orb.
     0 | D:1      | Reached XP level 1. HP: 14/14 MP: 1/1
   129 | D:1      | Reached XP level 2. HP: 19/19 MP: 2/2
   495 | D:1      | Reached XP level 3. HP: 20/23 MP: 3/3
  1265 | D:2      | Noticed Sigmund
  1279 | D:2      | Slain by Sigmund

Illustrated notes

Levels and vault maps discovered:
D:1:      co_arrival_square_in_a_square_in_a_square, layout_rooms,
          chequers_big_river, st_stairs_6, feat_on_display
D:2:      layout_rooms, shapermc_ecumenical_altar_flowoftime, st_stairs_9,
          uniq_sigmund, uniq_jessica

Action                   || total
-------------------------++-------
Melee: Flail             ||   103
Throw: Dart              ||     1
Armor: Scale mail        ||    78
Dodge: Dodged            ||    40
Block: Buckler           ||    31

Table legend: (Time is in decaauts)
 A = Elapsed time spent in this place.
 B = Non-inter-level travel time spent in this place.
 C = Inter-level travel time spent in this place.
 D = Time resting spent in this place.
 E = Time spent auto-exploring this place.
 F = Levels seen in this place.
 G = Mean time per level.
                   A        B        C        D        E       F      G
               +--------+--------+--------+--------+--------+-----+--------+
         Total |   1321 |   1256 |     65 |      0 |    957 |   2 |  660.5 |
       Dungeon |   1321 |   1256 |     65 |      0 |    957 |   2 |  660.5 |
               +--------+--------+--------+--------+--------+-----+--------+

Top non-repeatable levels by time:
     D:1: 964 daAuts
     D:2: 356 daAuts
